 Dungeon Crawl Stone Soup version 0.18.1-50-g88ac8fd (webtiles) character file.

819 Kokiki the Chiller (level 7, -1/47 HPs)
             Began as a Mummy Ice Elementalist on Sept 15, 2016.
             Was a Follower of Pakellas.
             Slain by a yak (14 damage)
             ... on level 5 of the Dungeon on Sept 16, 2016.
             The game lasted 00:36:14 (5499 turns).

Kokiki the Chiller (Mummy Ice Elementalist)         Turns: 5499, Time: 00:36:14

Health: -1/47      AC:  3    Str: 11    XL:     7   Next: 63%
Magic:  0/13       EV: 13    Int: 17    God:    Pakellas [*.....]
Gold:   179        SH:  0    Dex: 12    Spells: 4 memorised, 4 levels left

rFire  x . .     SeeInvis +     k - +2 short sword (drain)
rCold  + . .     Gourm    .     a - +1 robe
rNeg   + + +     Faith    .     (no shield)
rPois  ∞         Spirit   .     (no helmet)
rElec  .         Dismiss  .     (no cloak)
rCorr  .         Reflect  .     (no gloves)
SustAt .         Harm     .     (no boots)
MR     .....                    (no amulet)
Stlth  ++........               (no ring)
                                h - ring of see invisible

@: not resistant to hostile enchantments, unstealthy
A: no food or potions, fire vulnerability, cold resistance 1, negative energy
resistance 3, torment resistance, unbreathing
a: Quick Charge, Renounce Religion


You were on level 5 of the Dungeon.
You worshipped Pakellas.
Pakellas was aware of your devotion.
You were not hungry.

You visited 1 branch of the dungeon, and saw 5 of its levels.

You collected 179 gold pieces.

Inventory:

Hand Weapons
 g - a +2 dagger of venom
 i - a +0 short sword
 k - a +2 short sword of draining (weapon)
Missiles
 d - 104 stones (quivered)
Armour
 a - a +1 robe (worn)
Jewellery
 h - a ring of see invisible (left hand)
 l - a cursed ring of resist corrosion
Wands
 e - a wand of iceblast (3/15)
 j - a wand of random effects (2/48)
 m - a wand of iceblast (6/15)
Scrolls
 c - 2 scrolls of teleportation
 f - a scroll of identify
 n - a scroll of magic mapping {unknown}
Books
 b - a book of Frost

   Spells                             Type                      Level
   a - Freeze                         Ice                          1
   b - Throw Frost                    Conjuration/Ice              2
   c - Ozocubu's Armour               Charms/Ice                   3
   d - Throw Icicle                   Conjuration/Ice              4
   e - Summon Ice Beast               Ice/Summoning                4


   Skills:
 + Level 0.6 Fighting
 + Level 1.0 Short Blades
 + Level 3.5 Dodging
 + Level 3.0 Stealth
 + Level 4.0 Spellcasting
 + Level 1.0 Conjurations
 + Level 4.2 Ice Magic
 + Level 2.6 Evocations


You had 4 spell levels left.
You knew the following spells:

 Your Spells              Type           Power        Failure   Level  Hunger
a - Freeze                Ice            ###.         2%          1    N/A
b - Throw Frost           Conj/Ice       ##....       10%         2    N/A
c - Ozocubu's Armour      Chrm/Ice       ##......     21%         3    N/A
d - Summon Ice Beast      Ice/Summ       ##......     71%         4    N/A

Dungeon Overview and Level Annotations

Branches:
Dungeon (5/15)
 Temple: D:4-7

Altars:
Dithmenos
Pakellas
Vehumet
Xom


Innate Abilities, Weirdness & Mutations

You do not eat or drink.
Your flesh is vulnerable to fire.
You are immune to poison.
Your flesh is cold resistant.
You are immune to negative energy.
You are immune to unholy pain and torment.
You can survive without breathing.


Message History

The yak gores you! x2
* * * LOW HITPOINT WARNING * * *
You hit the yak but do no damage. You drain the yak!
The yak is heavily wounded.
The yak misses you.
You hit the yak.
The yak is heavily wounded.
The yak gores you.
* * * LOW HITPOINT WARNING * * *
Evoke which item? (* to show all) (? for menu, Esc to quit)
Zapping:
j - a wand of random effects (3/48)
Press: ? - help, Shift-Dir - straight line, f/p - yak
Aim: a yak (heavily wounded, heavily drained)
The yak is charmed.
This wand has 2 charges left.
There is a stone staircase leading up here.
You swap places.
There is a stone staircase leading down here.
You climb downwards.
The yak completely misses you. The yak gores you!
You die...
Pakellas says: Time to start the next experiment...

## .# .# +### ##+.# ..#
....# ..# #...# #.#
#.[# #.###Y####.##
#...@Y..#[#.#########
#######Y#..###.........
...)....###.#.###.>....
##.........Y...........
#.####.####...........
.. #.# #####....... #.#
##....## #.# #..†.# #.#
#.#.##


You could see 2 yaks and a friendly yak.

Vanquished Creatures
  Sigmund (D:3)
  A yak (D:4)
  An orc priest (D:3)
  An iguana (D:3)
  Ijyb (D:1)
  2 worker ants
  A hound zombie (D:5)
  3 gnolls (D:4)
  3 adders
  2 dart slugs
  5 giant geckos
  5 orcs (D:3)
  7 bats
  4 giant cockroaches
  6 goblins
  9 hobgoblins
  8 jackals
  11 kobolds
  3 quokkas
  7 giant newts
  6 rats
87 creatures vanquished.

Vanquished Creatures (collateral kills)
  A yak (D:5)
1 creature vanquished.

Vanquished Creatures (others)
  A yak (D:5)
1 creature vanquished.

Grand Total: 89 creatures vanquished

Notes
Turn   | Place    | Note
--------------------------------------------------------------
     0 | D:1      | Kokiki the Mummy Ice Elementalist began the quest for the Orb.
     0 | D:1      | Reached XP level 1. HP: 13/13 MP: 3/3
   207 | D:1      | Reached XP level 2. HP: 19/19 MP: 3/5
   712 | D:2      | Learned a level 2 spell: Throw Frost
  1155 | D:2      | Reached XP level 3. HP: 24/24 MP: 0/6
  1183 | D:2      | Noticed Ijyb
  1227 | D:1      | Killed Ijyb
  1408 | D:2      | Reached XP level 4. HP: 30/30 MP: 5/8
  1413 | D:2      | Learned a level 3 spell: Ozocubu's Armour
  1426 | D:2      | Found an oddly glowing altar of Pakellas.
  1429 | D:2      | Became a worshipper of Pakellas the Inventive
  1669 | D:2      | Reached skill level 1 in Conjurations
  2015 | D:2      | Found a shadowy altar of Dithmenos.
  2221 | D:3      | Reached * piety under Pakellas
  2221 | D:3      | Received a gift from Pakellas
  2353 | D:3      | Found a faded altar to an unknown god.
  2453 | D:3      | Found a radiant altar of Vehumet.
  2616 | D:3      | Found a shimmering altar of Xom.
  2616 | D:3      | Found a shimmering altar of Xom.
  2620 | D:3      | Found a shimmering altar of Xom.
  2620 | D:3      | Found a shimmering altar of Xom.
  2699 | D:3      | Noticed Sigmund
  3013 | D:3      | Killed Sigmund
  3013 | D:3      | Reached XP level 5. HP: 20/36 MP: 1/10
  3013 | D:3      | Reached XP level 6. HP: 23/42 MP: 1/11
  3363 | D:4      | Learned a level 4 spell: Summon Ice Beast
  3375 | D:3      | Reached skill level 1 in Evocations
  3448 | D:4      | Found an oddly glowing altar of Pakellas.
  4655 | D:5      | Entered Level 5 of the Dungeon
  4665 | D:5      | Noticed a yak
  4665 | D:5      | Noticed a yak
  4667 | D:5      | Noticed a yak
  4667 | D:5      | Noticed a yak
  4667 | D:5      | Noticed a yak
  4675 | D:5      | Killed a yak
  4675 | D:5      | Reached XP level 7. HP: 47/47 MP: 0/12
  4680 | D:5      | Noticed a yak
  4700 | D:4      | Killed a yak
  5145 | D:5      | Reached skill level 1 in Short Blades
  5499 | D:5      | Slain by a yak

Skill      XL: |  1  2  3  4  5  6  7 |
---------------+----------------------+-----
Ice Magic      | 3 4 |  4.2
Conjurations   | 1 |  1.0
Spellcasting   | 3 4 |  4.0
Dodging        | 2 3 |  3.5
Stealth        | 2 3 |  3.0
Evocations     | 1 2 |  2.6
Short Blades   | 1 |  1.0
Fighting       | |  0.6

Action                   |  1- 3 |  4- 6 |  7- 9 || total
-------------------------+-------+-------+-------++-------
Melee: Unarmed           |     1 |       |       ||     1
       Dagger            |    33 |    63 |     9 ||   105
       Short sword       |       |       |    44 ||    44
Throw: Stone             |       |     1 |       ||     1
 Cast: Freeze            |    53 |    23 |     1 ||    77
       Throw Frost       |     3 |     5 |       ||     8
Invok: Quick Charge      |       |     5 |     5 ||    10
Evoke: Wand              |       |    31 |     5 ||    36
  Use: Scroll            |     6 |     8 |     1 ||    15
 Stab: Sleeping          |       |     2 |     1 ||     3
Armor: Robe              |    16 |    25 |     8 ||    49
Dodge: Dodged            |    44 |    93 |    30 ||   167
